Match 47091440
Unlisted

Match 47091440
End
Kettenkrad Recon Vehicle
Construct Infanterie Kompanie
Selects Terror Battlegroup
Selects Machine Gun Camouflage
MG 42 Machine Gun Team
Grenadier Squad
Construct Luftwaffe Kompanie
Jäger Squad
Flak 30 Anti-aircraft Gun Team
Jäger Squad
Jäger Squad
Medical Bunker
Construct Panzer Kompanie
Sturmpanzer IV Brummbär
Selects Contempt for the Weak
Selects Propaganda Leaflet Drop
Selects V1 Rocket Strike
Kettenkrad Recon Vehicle
Stoßtruppen Squad
V1 Rocket Strike
Sturmpanzer IV Brummbär
Propaganda Leaflet Drop
-=Thrawn=-
Agnes Claudel
不可抱萌物
Cat
Gringo_Killah1
⁴²CPAKAPAKAMETAMФETAНАЛ
0
0

Comments sign in to comment!

No comments posted yet!